cohdb
Replays
Latest Replays
All Replays
Popular Replays
Top Player Replays
Match Explorer
How It Works
Community
CoH3 Stats
Reddit
Sign in to upload your games and track your stats! →
Sign in with Steam
big win against team rank 24.
Match 19885076
Overview
Messages
Build Orders
End
Construct Barracks
M1 Mortar Team
Selects Airborne Battlegroup
Selects Pathfinders
Riflemen Squad
Riflemen Squad
Riflemen Squad
Infantry Support Center
Construct Motor Pool
Engineer Squad
Selects Paratrooper Squad Paradrop
M8 Greyhound Armored Car
Construct Medical Station
Selects Anti-tank Gun Team Paradrop
Anti-tank Gun Team Paradrop
M8 Greyhound Armored Car
Selects Recon Loiter
Selects Supply Drop
Grenade Package
Engineer Squad
Construct Tank Depot
M4A1 Sherman Medium Tank
Selects Carpet Bombing Run
M18 Hellcat Tank Destroyer
Recon Loiter
Mortar Pit
Riflemen Squad
Paratrooper Squad Paradrop
M4A1 Sherman Medium Tank
M4A1 Sherman Medium Tank
smallNhii
Jonnies
aSIIDemolitionHammer
*Mule
0
0
Comments
sign in to comment!
No comments posted yet!